 Dungeon Crawl Stone Soup version 0.19-a0-1720-gc855d72 (webtiles) character file.

10907 kae the Carver (level 12, -6/97 HPs)
             Began as a Formicid Fighter on Sept 29, 2016.
             Was an Initiate of Ru.
             Mangled by a bone dragon (18 damage)
             ... on level 2 of the Abyss.
             The game lasted 00:22:28 (11151 turns).

kae the Carver (Formicid Fighter)                  Turns: 11151, Time: 00:22:29

Health: -6/97      AC: 20    Str: 25    XL:     12   Next: 1%
Magic:  12/12      EV:  6    Int:  9    God:    Ru [......]
Gold:   550        SH:  0    Dex: 10    Spells: 0 memorised, 11 levels left

rFire  . . .     SeeInvis +     w - +2 great sword (flame)
rCold  . . .     Gourm    .     d - +0 plate armour
rNeg   . . .     Faith    .     c - +0 shield
rPois  +         Spirit   .     (helmet unavailable)
rElec  .         Dismiss  .     n - +0 cloak
rCorr  .         Reflect  .     e - +1 pair of gloves
MR     +....     Harm     .     o - +0 pair of boots
Stlth  ..........               (no amulet)
                                k - +1 ring of evasion
                                F - ring of poison resistance

@: confused
A: permanent stasis, dig shafts and tunnels, four strong arms, antennae 3
a: Dig, Shaft Self, Renounce Religion


You were on level 2 of the Abyss.
You worshipped Ru.
Ru was noncommittal.
You were not hungry.

You visited 3 branches of the dungeon, and saw 12 of its levels.
You visited the Abyss 1 time.

You collected 550 gold pieces.

Inventory:

Hand Weapons
 p - a +3 long sword
 w - a +2 great sword of flaming (weapon)
Armour
 c - a +0 shield (worn)
 d - a +0 plate armour (worn)
 e - a +1 pair of gloves (worn)
 n - a +0 cloak (worn)
 o - a +0 pair of boots (worn)
Jewellery
 i - an uncursed ring of magical power
 k - a +1 ring of evasion (right hand)
 F - a ring of poison resistance (left hand)
Wands
 j - a wand of digging (17/24)
 l - a wand of digging (4/24)
 q - a wand of flame (14/48)
Scrolls
 h - 4 scrolls of identify
 m - a scroll of magic mapping
 u - a scroll of recharging
 v - a scroll of remove curse
 z - a scroll of brand weapon
Potions
 g - a potion of brilliance {unknown}
 x - a potion of flight
 H - a potion of cancellation
Books
 a - a book of Death

   Spells                             Type                      Level
   a - Corpse Rot                     Necromancy                   2
   b - Sublimation of Blood           Necromancy                   2
   c - Agony                          Necromancy                   5
   d - Dispel Undead                  Necromancy                   5
   e - Excruciating Wounds            Charms/Necromancy            5
   f - Bolt of Draining               Conjuration/Necromancy       5
Comestibles
 b - 2 meat rations
 f - 8 bread rations
 t - 3 slices of pizza
 B - 8 beef jerkies
 I - 3 fruits


   Skills:
 + Level 10.0 Fighting
 * Level 13.4 Long Blades
 + Level 9.6 Armour
 - Level 3.6 Shields


You had 11 spell levels left.
You didn't know any spells.

Dungeon Overview and Level Annotations

Branches:
Dungeon (9/15)             Temple (1/1) D:5            Lair (2/6) D:9
    Orc (0/2) D:9
  Swamp: Lair:2-4    Shoals: Lair:2-4     Snake: Lair:2-4    Spider: Lair:2-4

Altars:
Ashenzari
Cheibriados
Dithmenos
Elyvilon
Fedhas
Gozag
Hepliaklqana
Kikubaaqudgha
Makhleb
Nemelex Xobeh
Okawaru
Qazlal
Ru
Sif Muna
Trog
Uskayaw
Vehumet
Xom
Yredelemnul
Zin
The Shining One

Shops:
D:5 }   D:9 (

Annotations:
D:5 1 runed door
Lair:2 Sonja


Innate Abilities, Weirdness & Mutations

You are under a permanent stasis effect.
You can dig through walls and to a lower floor.
Your four strong arms can wield two-handed weapons with a shield.
You have a pair of large antennae on your head. (SInv)


Message History

The bone dragon is lightly damaged.
The thrashing horror tramples you but does no damage. x2
The bone dragon bites you. The bone dragon claws you.
* * * LOW HITPOINT WARNING * * *
The bone dragon tramples you.
* * * LOW HITPOINT WARNING * * *
You hold your ground!
You slash the bone dragon! You burn the bone dragon.
The bone dragon is lightly damaged.
The thrashing horror tramples you but does no damage. x2
The bone dragon bites you.
* * * LOW HITPOINT WARNING * * *
The bone dragon claws you.
* * * LOW HITPOINT WARNING * * *
The bone dragon tramples you but does no damage.
The thrashing horror roars!
The thrashing horror barely misses you. The thrashing horror tramples you.
* * * LOW HITPOINT WARNING * * *
You hold your ground!
The bone dragon bites you!!
You die...

#.. .. .... ≈≈
..# # .....
.≈. {...##.#
.#.. #≈#
.#v..{...#..
.. ≈
.##.##..#. #.#
. ≈ .#.....
#.#..... .≈.{≈
.#.##. .#...
♣≈..{#...##..#
##.##.D@...##
≈.≈≈ #
.##X##....# .
.≈{# . ###
#..# .
≈......# # ...
#≈#≈ .......#
.. ≈≈ ≈.###
### # ≈≈ ≈..
.# # ♣≈≈... .
≈≈#.# .. #


You could see a bone dragon, a spatial vortex and a thrashing horror.

Vanquished Creatures
  Pikel (D:7)
  Joseph (D:8)
  A spiny frog (Lair:1)
  A two-headed ogre (D:8)
  Prince Ribbit (D:5)
  The ghost of dobroeutro the Cudgeler, an amateur GrFi (D:3)
  2 hippogriffs
  3 wraiths
  19 yaks
  2 hungry ghosts
  Menkaure (D:7)
  A soldier ant (D:5)
  2 hell hounds (D:9)
  2 water moccasins (Lair:1)
  3 black bears
  3 slaves
  An ice beast (D:6)
  5 orc warriors
  3 sky beasts
  A phantom (D:8)
  4 ogres
  3 centaurs
  3 crocodiles
  A big kobold (D:6)
  2 elf zombies (D:8)
  8 bullfrogs
  A gnoll sergeant (D:5)
  2 scorpions
  A killer bee (D:5)
  5 wights
  A howler monkey (D:5)
  A crimson imp (D:5)
  5 jellies
  3 human zombies (D:8)
  2 bullfrog zombies
  5 hounds
  2 bullfrog skeletons
  2 orc priests (D:7)
  5 iguanas
  5 orc wizards
  Ijyb (D:3)
  A human skeleton (D:8)
  7 worker ants
  An ogre zombie (D:8)
  An ogre skeleton (D:8)
  A hound zombie (D:5)
  A mummy (D:8)
  2 worker ant zombies
  Robin (D:3)
  9 gnolls
  10 adders
  20 river rats (Lair:1)
  2 shadow imps
  2 oozes
  An adder zombie (D:6)
  3 adder skeletons
  3 worms
  2 dart slugs
  5 leopard geckos
  25 orcs
  8 giant cockroaches
  21 goblins
  7 hobgoblins
  16 jackals
  6 quokkas
  3 ball pythons
  8 bats
  6 frilled lizards
  27 kobolds
  A leopard gecko skeleton (D:4)
  3 quokka skeletons
  11 rats
  2 butterflies (D:5)
332 creatures vanquished.

Vanquished Creatures (others)
  A slave (D:7)
  A hound skeleton (D:6)
  An orc (D:7)
  A plant (D:6)
4 creatures vanquished.

Grand Total: 336 creatures vanquished

Notes
Turn   | Place    | Note
-------+----------+-------------------------------------------
     0 | D:1      | kae the Formicid Fighter began the quest for the Orb.
     0 | D:1      | Reached XP level 1. HP: 18/18 MP: 1/1
    42 | D:1      | Reached XP level 2. HP: 4/24 MP: 2/2
   454 | D:1      | Reached skill level 3 in Long Blades
   486 | D:1      | Reached XP level 3. HP: 27/29 MP: 3/3
   755 | D:2      | Reached XP level 4. HP: 34/35 MP: 4/4
   763 | D:2      | Reached skill level 4 in Long Blades
  1955 | D:3      | Noticed Ijyb
  1969 | D:3      | Killed Ijyb
  1969 | D:3      | Reached skill level 5 in Long Blades
  1969 | D:3      | Reached XP level 5. HP: 41/41 MP: 5/5
  2099 | D:3      | Noticed dobroeutro's ghost (amateur GrFi)
  2114 | D:3      | Killed dobroeutro's ghost
  2114 | D:3      | Reached skill level 6 in Long Blades
  2114 | D:3      | Reached XP level 6. HP: 47/47 MP: 6/6
  2387 | D:3      | Noticed Robin
  2423 | D:3      | Killed Robin
  2543 | D:3      | Reached XP level 7. HP: 52/52 MP: 7/7
  2596 | D:3      | Found a hazy altar of Hepliaklqana.
  3223 | D:4      | Found an iron altar of Okawaru.
  3260 | D:5      | Entered Level 5 of the Dungeon
  3272 | D:5      | Reached skill level 7 in Long Blades
  3471 | D:5      | Found a runed door.
  3486 | D:5      | Found a runed door.
  3543 | D:5      | Reached XP level 8. HP: 60/60 MP: 8/8
  3565 | D:5      | Found a staircase to the Ecumenical Temple.
  3632 | Temple   | Entered the Ecumenical Temple
  3686 | Temple   | Became a worshipper of Ru the Awakened
  3731 | D:5      | Reached skill level 8 in Long Blades
  3877 | D:5      | Found Abudoxuyc's Gadget Shoppe.
  3882 | D:5      | Noticed Prince Ribbit
  3891 | D:5      | Killed Prince Ribbit
  4084 | D:5      | Reached skill level 5 in Fighting
  4097 | D:5      | Reached skill level 5 in Armour
  4329 | D:5      | You fall through a shaft for 3 floors!
  4655 | D:7      | Got a vibrating glass ring
  4689 | D:7      | Noticed a hippogriff
  4702 | D:7      | Killed a hippogriff
  4702 | D:7      | Reached skill level 9 in Long Blades
  4702 | D:7      | Reached XP level 9. HP: 42/68 MP: 9/9
  4845 | D:6      | Found a deep blue altar of Sif Muna.
  5218 | D:5      | Identified the cursed ring of Fiorghyu {+Inv MR+ Int+4 Dex-3} (You found it on level 7 of the Dungeon)
  5882 | D:6      | Reached skill level 10 in Long Blades
  6660 | D:7      | Noticed Pikel
  7022 | D:7      | Reached XP level 10. HP: 79/79 MP: 10/10
  7044 | D:7      | Killed Pikel
  7154 | D:7      | Reached skill level 11 in Long Blades
  7193 | D:7      | Noticed Menkaure
  7209 | D:7      | Killed Menkaure
  8106 | D:8      | Found an ancient bone altar of Kikubaaqudgha.
  8377 | D:8      | Found a shadowy altar of Dithmenos.
  8548 | D:8      | Noticed Joseph
  8565 | D:8      | Killed Joseph
  8565 | D:8      | Reached skill level 12 in Long Blades
  8565 | D:8      | Reached XP level 11. HP: 57/87 MP: 11/11
  8974 | D:9      | Found a staircase to the Orcish Mines.
  9253 | D:9      | Found a staircase to the Lair.
  9484 | D:9      | Found a burning altar of Makhleb.
  9629 | D:9      | Found Vegeogu's Antique Weapon Emporium.
  9658 | D:9      | Reached skill level 13 in Long Blades
  9867 | Lair:1   | Entered Level 1 of the Lair of Beasts
 10435 | Lair:1   | Reached skill level 10 in Fighting
 10631 | Lair:1   | Reached XP level 12. HP: 93/97 MP: 12/12
 11040 | Lair:2   | Noticed Sonja
 11041 | Lair:2   | Cast into level 2 of the Abyss (Sonja)
 11128 | Abyss:2  | Noticed a thrashing horror
 11142 | Abyss:2  | Noticed a bone dragon
 11151 | Abyss:2  | Mangled by a bone dragon

Vault maps used:
D:1:      mrwooster_arrival_statue_2
D:2:      minmay_tetromino_t4
D:3:      kennysheep_goblin_castle, marbit_many_paths, uniq_robin
D:4:      kennysheep_okawaru_gauntlet, eino_curves_03
D:5:      lemuel_insect_pit, serial_shops,
          nicolae_shop_competitors_out_of_business, first_bread,
          minmay_misc_feat_ornament, uniq_prince_ribbit1
D:6:      kennysheep_kobold_camp, nicolae_overflow_hidden_temple
D:7:      grunt_ogre_cave, uniq_pikel, uniq_menkaure
D:8:      grunt_dithmenos_smoke_and_mirrors,
          lemuel_mausoleum_altar_kikubaaqudgha, uniq_joseph
D:9:      bloody_makhleb, minmay_lair_entry_lava, orc_david_3, serial_shops,
          shop, kennysheep_small_square
Temple:   eino_wide_crystal_templ
Lair:1:   serial_bayou_pond_c
Lair:2:   spider_nest_entry_webs, serial_bayou_shore_a, uniq_sonja

Skill      XL: |  1  2  3  4  5  6  7  8  9 10 11 |
---------------+----------------------------------+-----
Long Blades    | 3 5 6 7 9 10 12 13 | 13.4
Armour         | 4 5 6 8 9 |  9.6
Fighting       | 4 5 7 8 10 | 10.0
Shields        | |  3.6

Action                   |  1- 3 |  4- 6 |  7- 9 | 10-12 || total
-------------------------+-------+-------+-------+-------++-------
Melee: Long sword        |   125 |   232 |    97 |       ||   454
       Great sword       |       |       |   178 |   253 ||   431
       Scimitar          |       |       |   213 |   334 ||   547
Invok: Reject Sacrifices |       |       |       |     1 ||     1
 Abil: Dig               |     3 |     3 |    17 |    11 ||    34
       Shaft Self        |       |       |     1 |       ||     1
  Use: Potion            |       |     1 |     4 |     5 ||    10
       Scroll            |       |       |    14 |     6 ||    20
 Stab: Invisible         |       |       |     1 |     1 ||     2
  Eat: Chunk             |       |     7 |    13 |    14 ||    34
       Meat ration       |       |       |     1 |       ||     1
       Pizza             |       |       |     1 |       ||     1
       Royal jelly       |       |       |       |     1 ||     1
Armor: Scale mail        |    51 |    73 |       |       ||   124
       Plate armour      |       |    30 |   238 |   232 ||   500
Dodge: Dodged            |    44 |    50 |    74 |   105 ||   273
Block: Shield            |    77 |   117 |   183 |   214 ||   591
